AoeStats
← Combi l BU

Socotra

506039327Analyzed
2v2 RM · 21d ago on Sep 12, 2026· 42m 11s· 4 players
Game mode
Random Map
Map size
Tiny (2 player)
Population
200
Speed
Normal
Resources
Standard
Victory
Conquest
Starting age
Dark Age
Ending age
Imperial Age
RankedLock teamsTeams togetherTeam positionsShared explorationLock speedFull tech treeHidden civsTurbo modeCheats
Victory
Defeat
🇲🇽 Magyars · Mexico
1606
+17
🇨🇱 Teutons · Chile
1603
+17
🇲🇽 Lithuanians · Mexico
1717
-20
🇯🇵 Jurchens · Japan
1543
-14
Ux' CombiNero
6:22 Loom
8:59 Feudal Age
13:56 Fletching
20:14 Wheelbarrow
19:32 Double-Bit Axe
24:41 Castle Age
22:40 Gold Mining
24:44 Crossbowman
25:22 Bodkin Arrow
26:41 Ballistics
26:22 Padded Archer Armor
28:11 Leather Archer Armor
36:19 Imperial Age
35:05 Horse Collar
38:07 Chemistry
37:48 Ring Archer Armor
Combi l BU
6:18 Loom
8:21 Feudal Age
8:59 Double-Bit Axe
18:10 Wheelbarrow
21:40 Castle Age
20:31 Scale Barding Armor
20:54 Bloodlines
22:40 Chain Barding Armor
22:43 Bow Saw
33:52 Hand Cart
33:46 Gold Mining
39:31 Imperial Age
37:01 Town Watch
38:28 Husbandry
38:31 Horse Collar
39:35 Cavalier
40:52 Plate Barding Armor
41:24 Light Cavalry
Cawi
7:59 Feudal Age
6:14 Loom
8:53 Double-Bit Axe
16:11 Fletching
22:33 Castle Age
20:49 Horse Collar
22:04 Padded Archer Armor
23:00 Town Watch
22:37 Crossbowman
23:17 Bodkin Arrow
23:17 Town Watch
27:02 Wheelbarrow
27:56 Bloodlines
28:44 Bow Saw
29:11 Husbandry
30:22 Leather Archer Armor
31:14 Ballistics
40:36 Imperial Age
42:23 Chemistry
41:24 Bracer
42:34 Ring Archer Armor
war-f
11:08 Feudal Age
15:00 Castle Age
13:34 Horse Collar
14:27 Loom
22:46 Double-Bit Axe
25:49 Padded Archer Armor
32:23 Fletching
34:29 Town Watch
36:09 Bodkin Arrow
41:36 Imperial Age
39:54 Ballistics
39:48 Masonry
40:51 Scale Barding Armor
42:58 Chain Barding Armor
Connection lost

Rejoining the realm…

Still unreachable

The connection could not be restored.

Session expired

The server has moved on; the page needs a fresh start.